 Dungeon Crawl Stone Soup version 0.26-a0-597-gb535b0901c (webtiles) character file.

Game seed: 7764849586779008825

18 Lanoc the Skirmisher (level 2, -3/27 HPs)
             Began as a Minotaur Abyssal Knight on Aug 30, 2020.
             Was a Follower of Lugonu.
             Slain by a goblin (4 damage)
             ... led by Robin
             ... on level 2 of the Dungeon.
             The game lasted 00:01:10 (875 turns).

Lanoc the Skirmisher (Minotaur Abyssal Knight)       Turns: 875, Time: 00:01:11

Health: -3/27      AC:  3    Str: 16    XL:     2   Next: 51%
Magic:  2/2        EV: 11    Int:  9    God:    Lugonu [*.....]
Gold:   9          SH:  0    Dex:  9    Spells: 1/1 levels left

rFire    . . .     SeeInvis .   a - +1 spear
rCold    . . .     Faith    .   (no shield)
rNeg     . . .     Spirit   .   b - +0 leather armour
rPois    .         Reflect  .   (helmet restricted)
rElec    .         Harm     .   (no cloak)
rCorr    .                      (no gloves)
MR       .....                  (no boots)
Stlth    +.........             (no amulet)
HPRegen  0.09/turn              (no ring)
MPRegen  0.08/turn              (no ring)

@: no status effects
A: retaliatory headbutt, horns 2
a: Depart the Abyss, Renounce Religion


You were on level 2 of the Dungeon.
You worshipped Lugonu.
Lugonu was aware of your devotion.
You visited 1 branch of the dungeon, and saw 2 of its levels.
You visited the Abyss 1 time.

You collected 9 gold pieces.

Inventory:

Hand Weapons
 a - a +1 spear (weapon)
Missiles
 e - 6 datura-tipped darts (quivered)
Armour
 b - a +0 leather armour (worn)
Scrolls
 f - 4 scrolls of teleportation {unknown}
 g - 2 scrolls of remove curse {unknown}
 h - a scroll of identify {unknown}
Potions
 c - 2 potions of stabbing {unknown}
 d - a potion of degeneration {unknown}


   Skills:
 + Level 3.8 Fighting
 * Level 3.0 Polearms
 + Level 2.8 Armour
 + Level 1.4 Dodging
 + Level 2.0 Invocations


You had one spell level left.
You didn't know any spells.
Your spell library was empty.

Dungeon Overview and Level Annotations

Branches:
Dungeon (2/15)

Altars:
Kikubaaqudgha

Annotations:
D:2 Robin, Sigmund


Innate Abilities, Weirdness & Mutations

You reflexively headbutt those who attack you in melee.
You have a pair of horns on your head.


Message History

The goblin barely misses you.
A hobgoblin comes into view. It is wielding a +0 club.
You see here a cursed -3 club.
The goblin hits you.
* * * LOW HITPOINT WARNING * * *
Robin throws the goblin at you! The goblin barely misses you. x2
You closely miss the goblin. Your headbutt misses the goblin.
The goblin hits you.
* * * LOW HITPOINT WARNING * * *
Robin roars a battlecry!
The hobgoblin goes into a battle-frenzy!
The goblin misses you.
The goblin hits you with a cursed -1 dagger.
* * * LOW HITPOINT WARNING * * *
The goblin closely misses you. The goblin barely misses you.
The goblin barely misses you.
The goblin no longer looks unusually strong.
Robin throws the goblin at you! The goblin hits you.
You die...

..... (.... ..
.#..... . ...$. #.
.....# . ..... #.
.....#.# .....
#.####.#..#.# .
.....
#.#..#.#....#..
.....
#.#..#g........
#.###
#.###.#.g#gg)....#
#.#
#....g@gg.ggg....#
# #
.##########)#.#...#
............#... .#
....(...#######.#
#.#####'###### .#
#........# #
#....[...#
#........##.
#...........


You could see Robin (resistant), 2 hobgoblins and 6 goblins.

Vanquished Creatures
  An adder (D:2)
  A bat (D:1)
  2 hobgoblins (D:1)
  A frilled lizard (D:1)
  3 goblins (D:2)
  2 rats (D:1)
10 creatures vanquished.

Vanquished Creatures (others)
  A human (D:2)
1 creature vanquished.

Grand Total: 11 creatures vanquished

Notes
Turn   | Place    | Note
-------+----------+-------------------------------------------
     0 | Abyss:1  | Lanoc the Minotaur Abyssal Knight began the quest for the
                  | Orb.
     0 | Abyss:1  | Reached XP level 1. HP: 19/19 MP: 1/1
    31 | Abyss:1  | Noticed a neqoxec
    49 | Abyss:1  | Noticed a small abomination
    54 | D:1      | Escaped the Abyss
   351 | D:1      | Reached * piety under Lugonu
   412 | D:2      | Noticed Sigmund
   755 | D:2      | Found an ancient bone altar of Kikubaaqudgha.
   769 | D:2      | Noticed a human
   771 | D:2      | Killed a human
   796 | D:2      | Reached XP level 2. HP: 22/27 MP: 2/2
   862 | D:2      | Noticed Robin
   872 | D:2      | HP: 1/27 [goblin/cursed -1 dagger[Robin] (2)]
   875 | D:2      | Slain by a goblin

Illustrated notes

Levels and vault maps discovered:
D:1:      onia_arrival_pyramid, layout_rooms, minmay_misc_feat_rugged
D:2:      layout_basic, tgw_kikubaaqudgha, uniq_natasha, uniq_robin,
          uniq_sigmund

Skill      XL: |  1  2 |
---------------+-------+-----
Invocations    | 2 |  2.0
Polearms       | 3 |  3.0
Fighting       | |  3.8
Armour         | |  2.8
Dodging        | |  1.4

Action                   || total
-------------------------++-------
Melee: Spear             ||    31
Throw: Dart              ||     1
Invok: Depart the Abyss  ||     1
Armor: Leather armour    ||    11
Dodge: Dodged            ||    39

Table legend: (Time is in decaauts)
 A = Elapsed time spent in this place.
 B = Non-inter-level travel time spent in this place.
 C = Inter-level travel time spent in this place.
 D = Time resting spent in this place.
 E = Time spent auto-exploring this place.
 F = Levels seen in this place.
 G = Mean time per level.
                   A        B        C        D        E       F      G
               +--------+--------+--------+--------+--------+-----+--------+
         Total |    874 |    870 |      4 |    276 |    486 |   3 |  291.3 |
       Dungeon |    820 |    816 |      4 |    276 |    455 |   2 |  410.0 |
         Abyss |     54 |     54 |      0 |      0 |     31 |   1 |   54.0 |
               +--------+--------+--------+--------+--------+-----+--------+

Top non-repeatable levels by time:
     D:1: 691 daAuts
     D:2: 128 daAuts
 Abyss:1: 54 daAuts
